Map: Lightshade LE

Players

LinK - Winner!

  • Race: Protoss Protoss
  • League: Master

Zhukov

  • Race: Terran Terran
  • League: Bronze

VOD

Have the link to the VOD?

Description

Time

  • Played on: July 20, 2021, 8:46 a.m.
  • Length: 5:32
Show
View Real Time Build Order
Export as new Build Order

LinK Protoss - Winner!

Build Orders:  

Get SALT Encoding   

  12  0:00  Probe  
  13  0:12  Probe  
  14  0:17  Pylon  
  14  0:24  Probe (Chrono Boost)  
  15  0:36  Probe (Chrono Boost)  
  15  0:37  Gateway  
  16  0:44  Probe (Chrono Boost)  
  17  0:51  Probe  
  18  0:58  Gateway  
  18  1:03  Probe (Chrono Boost)  
  19  1:09  Assimilator  
  19  1:15  Probe (Chrono Boost)  
  20  1:20  Pylon  
  20  1:24  Probe (Chrono Boost)  
  21  1:26  Cybernetics Core  
  21  1:29  Probe  
  22  1:46  Probe  
  23  1:49  Zealot x2  
  27  1:57  Assimilator  
  27  1:58  Probe  
  28  2:04  Warp Gate  
  28  2:10  Gateway  
  28  2:12  Probe (Chrono Boost)  
  29  2:21  Gateway  
  29  2:33  Probe  
  30  2:45  Probe  
  31  2:54  Pylon  
  31  3:18  Stalker  
  31  3:19  Stalker x3  
  39  3:26  Pylon  
  39  3:32  Twilight Council  
  39  3:35  Pylon  
  39  3:44  Probe  
  40  3:56  Probe  
  40  4:00  Stalker x4  
  49  4:08  Probe  
  50  4:19  Dark Shrine  
  44  4:58  Stalker x4  
Show
View Real Time Build Order
Export as new Build Order

Zhukov Terran 

Build Orders: 2 Factory 

Get SALT Encoding   

  12  0:00  SCV  
  13  0:13  SCV  
  14  0:17  Supply Depot  
  14  0:25  SCV  
  15  0:39  SCV  
  15  0:41  Barracks  
  16  0:46  Refinery  
  16  0:51  SCV  
  17  1:03  SCV  
  18  1:15  SCV  
  19  1:28  Orbital Command  
  19  1:46  Command Center  
  19  1:56  SCV  
  19  1:58  Factory  
  20  2:05  Refinery  
  21  2:08  SCV  
  21  2:14  Supply Depot  
  21  2:19  Marine  
  21  2:21  SCV  
  23  2:34  Bunker  
  23  2:37  Marine  
  23  2:40  SCV  
  25  2:45  Factory Tech Lab  
  25  2:52  SCV  
  25  2:55  Factory, Marine  
  26  3:09  Siege Tank  
  29  3:16  Marine  
  29  3:20  SCV  
  30  3:33  SCV  
  31  3:41  Factory Reactor  
  31  3:43  Orbital Command  
  31  3:47  SCV  
  32  3:53  Engineering Bay  
  32  3:56  Siege Tank  
  32  3:59  SCV  
  32  4:01  Armory  
  36  4:02  Orbital Command  
  36  4:06  Supply Depot  
  36  4:11  SCV  
  37  4:18  Hellion x2  
  37  4:24  SCV  
  38  4:34  Siege Tank  
  38  4:42  Hellion  
  35  4:47  Hellion  
  35  4:51  Bunker  
Tags
 
Add a new tag
Caveats
  • Supply blocks, unpowered buildings, or Contaminate may cause inaccurate times.
  • Supply counts are checked every 10 seconds.